 Dungeon Crawl Stone Soup version 0.31-a0-1317-gdfb52cbc09 (webtiles) character file.

Game seed: 4330640580149352265

1124 inmateoo the Poker (level 8, -9/42 HPs)
             Began as a Vine Stalker Fighter on Dec 21, 2023.
             Mangled by Edmund
             ... wielding a +4 heavy flail
              (17 damage)
             ... on level 5 of the Dungeon.
             The game lasted 00:03:27 (3267 turns).

inmateoo the Poker (Vine Stalker Fighter)           Turns: 3267, Time: 00:03:28

Health: -9/42      AC: 10    Str: 20    XL:     8   Next: 35%
Magic:  0/9        EV: 14    Int:  8    God:
Gold:   285        SH:  5    Dex: 15    Spells: 7/7 levels left

rFire   . . .        a - +1 trident
rCold   . . .        c - +0 buckler
rNeg    . . .        m - +0 chain mail
rPois   .            (no helmet)
rElec   .            n - +0 cloak
rCorr   .            (no gloves)
SInv    .            (no boots)
Will    +....        (no amulet) Stlth
                     e - +5 ring of evasion
HPRegen 1.07/turn    (no ring)
MPRegen 0.11/turn

%: guardian spirit
@: no status effects
A: fangs 3, regeneration 1, magic shield, antimagic bite, no potion heal 2
a: no special abilities


You were on level 5 of the Dungeon.
You visited 1 branch of the dungeon, and saw 5 of its levels.

You collected 285 gold pieces.

Inventory:

Hand Weapons
 a - a +1 trident (weapon)
Armour
 c - a +0 buckler (worn)
 m - a +0 chain mail (worn)
 n - a +0 cloak (worn)
Jewellery
 e - a +5 ring of evasion (left hand)
 o - a +4 ring of protection
Wands
 s - a wand of quicksilver (9)
Scrolls
 b - a scroll of identify
 j - 3 scrolls of poison
 k - 2 scrolls of fear
 l - a scroll of vulnerability
Potions
 d - 7 potions of might
 f - a potion of cancellation
 g - a potion of curing {unknown}
 h - 2 potions of heal wounds {unknown}
 i - a potion of attraction {unknown}
 p - a potion of haste {unknown}


   Skills:
 + Level 4.4 Fighting
 * Level 5.4 Polearms
 + Level 4.0 Armour
 + Level 2.9 Dodging
 + Level 4.3 Shields


You had 7 spell levels left.
You didn't know any spells.
Your spell library contained the following spells:

 Spells                   Type           Power      Damage    Failure   Level
 Apportation              Tloc           0%         N/A       99%         1
 Necrotise                Necr           0%         1d4       99%         1
 Sting                    Conj/Alch      0%         1d3       99%         1
 Summon Small Mammal      Summ           0%         N/A       99%         1


Dungeon Overview and Level Annotations

Branches:
Dungeon (5/15)
 Temple: D:4-7

Altars:
Cheibriados
Okawaru
Ru
Zin

Shops:
D:1 (

Annotations:
D:5 Edmund


Innate Abilities, Weirdness & Mutations

You have razor-sharp teeth.
Your natural rate of healing is unusually fast.
When hurt, damage is shared between your health and your magic reserves.
Your bite disrupts and absorbs the magic of your enemies.
Potions cannot restore your health.


Message History

You closely miss Edmund.
Edmund is moderately wounded.
Edmund hits you with a +4 heavy flail!
You barely miss Edmund. Your bite misses Edmund.
Edmund is moderately wounded.
You block Edmund's attack.
You barely miss Edmund. You bite Edmund! You drain his power.
You feel invigorated.
Edmund is heavily wounded.
You hit Edmund.
Edmund is severely wounded.
Edmund barely misses you.
You closely miss Edmund. You bite Edmund. You drain his power.
Edmund is severely wounded.
Edmund misses you.
You completely miss Edmund.
Edmund is severely wounded.
You hit Edmund. You bite Edmund. You drain his power.
Edmund is severely wounded.
Edmund hits you with a +4 heavy flail!
You hit Edmund but do no damage.
Edmund is severely wounded.
Edmund misses you.
You are too injured to fight recklessly!
You hit Edmund. Your bite misses Edmund.
Edmund is almost dead.
Edmund barely misses you.
You are too injured to fight recklessly!
You hit Edmund but do no damage. Your bite misses Edmund.
Edmund is almost dead.
You hit Edmund but do no damage. You bite Edmund, but do no damage.
Edmund is almost dead.
Edmund hits you with a +4 heavy flail!!
* * * LOW HITPOINT WARNING * * *
You are too injured to fight recklessly!
You hit Edmund. Your bite misses Edmund.
Edmund is almost dead.
Edmund hits you with a +4 heavy flail!!
You die...
Edmund says, "That'll show my brother!"

♣. ♣.≈..#...# .... #.≈
♣...♣.≈.....####... #.≈
♣._.♣.≈.##..#.###..
#.≈. ...♣.≈............
#.≈.♣♣♣.♣.§..#....#....
#.........≈.##..####...
#.≈≈≈≈≈≈≈§≈.....# #...
#.!..†......#...## #...
###@##........#####.
##@#.##............
#..$..#......#...†.
##)..........###...
#))####..#.#.. #)##
#..## #...##...#...
.... #.............
...>. #.##..#.......
#...... #.#.......


You could see Edmund.

Vanquished Creatures
  Pikel (D:5)
  An ice beast (D:4)
  A black bear (D:5)
  A phantom (D:4)
  A hound (D:5)
  3 orc priests (D:5)
  A jelly (D:5)
  Jessica (D:3)
  Terence (D:3)
  2 gnolls (D:3)
  10 adders
  A shadow imp (D:5)
  A white imp (D:5)
  2 adder zombies (D:2)
  2 worms (D:3)
  A dart slug (D:1)
  12 orcs
  5 endoplasms
  6 giant cockroaches
  5 goblins
  9 hobgoblins
  6 jackals
  4 quokkas
  9 ball pythons
  A ball python skeleton (D:2)
  4 ball python zombies (D:2)
  3 bats (D:1)
  5 frilled lizards
  3 kobolds (D:1)
  A quokka skeleton (D:2)
  6 rats
109 creatures vanquished.

Notes
Turn   | Place    | Note
-------+----------+-------------------------------------------
     0 | D:1      | inmateoo the Vine Stalker Fighter began the quest for the
                  | Orb.
     0 | D:1      | Reached XP level 1. HP: 11/11 MP: 2/2
    86 | D:1      | Reached skill level 2 in Polearms
   102 | D:1      | Found a faded altar of an unknown god.
   131 | D:1      | Reached XP level 2. HP: 16/16 MP: 3/3
   166 | D:1      | Found Kafauciz's Weapon Boutique.
   271 | D:1      | Reached XP level 3. HP: 19/19 MP: 4/4
   949 | D:2      | Reached XP level 4. HP: 24/24 MP: 5/5
  1484 | D:3      | Noticed Terence
  1491 | D:3      | Killed Terence
  1492 | D:3      | Reached skill level 3 in Polearms
  1492 | D:3      | Reached skill level 1 in Dodging
  1548 | D:3      | Noticed Jessica
  1553 | D:3      | Killed Jessica
  1554 | D:3      | Reached XP level 5. HP: 28/28 MP: 4/6
  1689 | D:3      | Found an iron altar of Okawaru.
  2106 | D:4      | Noticed an ice beast
  2113 | D:4      | Killed an ice beast
  2114 | D:4      | Reached XP level 6. HP: 32/32 MP: 7/7
  2303 | D:4      | Found a glowing silver altar of Zin.
  2444 | D:4      | Reached skill level 4 in Polearms
  2588 | D:4      | Found a sacrificial altar of Ru.
  2924 | D:5      | Entered Level 5 of the Dungeon
  2943 | D:5      | Reached XP level 7. HP: 28/37 MP: 4/8
  3136 | D:5      | Noticed Pikel
  3155 | D:5      | Killed Pikel
  3156 | D:5      | Reached skill level 5 in Polearms
  3156 | D:5      | Gained mutation: You have razor-sharp teeth. [Vine Stalker
                  | growth]
  3156 | D:5      | Reached XP level 8. HP: 18/42 MP: 2/9
  3216 | D:5      | Found a snail-covered altar of Cheibriados.
  3221 | D:5      | Noticed Edmund
  3267 | D:5      | Mangled by Edmund

Illustrated notes

Levels and vault maps discovered:
D:1:      amcnicky_arrival_feature_with_door, layout_basic, serial_shops,
          nicolae_square_shop, dreamdust_ecumenical_altar_hidden_monk_grotto
D:2:      layout_rooms, serial_undead, serial_undead_a, serial_undead_c,
          serial_undead_d, serial_undead_b, serial_undead_b, serial_undead_d
D:3:      layout_loops_ring, okawaru_altar_gauntlet_db, uniq_jessica,
          uniq_terence
D:4:      minmay_opposing_rooms, layout_basic, lemuel_round_altar, zin_statuary
D:5:      layout_cave_pools, hellmonk_overflow_destroyed_library,
          mainiacjoe_overflow_brackets, minmay_checkerbox, uniq_edmund,
          uniq_pikel, uniq_duvessa

Skill      XL: |  1  2  3  4  5  6  7  8 |
---------------+-------------------------+-----
Polearms       | 2 3 4 5 |  5.4
Fighting       | 3 4 |  4.4
Shields        | 3 4 |  4.3
Dodging        | 1 2 |  2.9
Armour         | 3 4 |  4.0

Action                     |  1- 3 |  4- 6 |  7- 9 || total
---------------------------+-------+-------+-------++-------
  Melee: Trident           |   127 |   173 |    76 ||   376
         Bite              |    17 |    42 |    28 ||    87
    Use: Scroll            |     3 |     6 |     1 ||    10
 Armour: Scale mail        |    82 |    13 |       ||    95
         Chain mail        |       |    38 |    46 ||    84
  Dodge: Dodged            |   121 |    88 |    38 ||   247
  Block: Buckler           |    40 |    30 |    15 ||    85

Table legend: (Time is in decaauts)
 A = Elapsed time spent in this place.
 B = Non-inter-level travel time spent in this place.
 C = Inter-level travel time spent in this place.
 D = Time resting spent in this place.
 E = Time spent auto-exploring this place.
 F = Levels seen in this place.
 G = Mean time per level.
                   A        B        C        D        E       F      G
               +--------+--------+--------+--------+--------+-----+--------+
         Total |   3330 |   3138 |    192 |    235 |   2170 |   5 |  666.0 |
       Dungeon |   3330 |   3138 |    192 |    235 |   2170 |   5 |  666.0 |
               +--------+--------+--------+--------+--------+-----+--------+

Top non-repeatable levels by time:
     D:4: 992 daAuts
     D:3: 819 daAuts
     D:1: 770 daAuts
     D:2: 444 daAuts
     D:5: 302 daAuts
